 Dungeon Crawl Stone Soup version 0.20.1-1-g8b1a95d (webtiles) character file.

91 Irenicus the Chopper (level 4, -2/40 HPs)
             Began as a Deep Dwarf Monk on Oct 28, 2017.
             Slain by a worm (8 damage)
             ... on level 2 of the Dungeon.
             The game lasted 00:03:52 (727 turns).

Irenicus the Chopper (Deep Dwarf Monk)               Turns: 727, Time: 00:03:52

Health: -2/40      AC:  4    Str: 19    XL:     4   Next: 33%
Magic:  4/4        EV: 13    Int: 11    God:
Gold:   54         SH:  0    Dex: 16    Spells: 3/3 levels left

rFire    . . .     SeeInvis .   a - +0 hand axe
rCold    . . .     Gourm    .   (no shield)
rNeg     . . .     Faith    .   j - +0 leather armour
rPois    +         Spirit   .   o - +0 helmet
rElec    .         Reflect  .   (no cloak)
rCorr    .         Harm     .   (no gloves)
MR       .....                  (no boots)
Stlth    ++........             (no amulet)
Regen    0.0/turn               f - ring of poison resistance
MPRegen  0.1/turn               k - +5 ring of strength

@: non-regenerating
A: damage resistance, heal wounds, sense surroundings 1, no regeneration
a: Heal Wounds


You were on level 2 of the Dungeon.
You were not hungry.

You visited 1 branch of the dungeon, and saw 2 of its levels.

You collected 54 gold pieces.

Inventory:

Hand Weapons
 a - a +0 hand axe (weapon)
Armour
 b - a +0 robe
 j - a +0 leather armour (worn)
 o - a +0 helmet (worn)
Jewellery
 f - a ring of poison resistance (left hand)
 k - a +5 ring of strength (right hand)
Scrolls
 d - a scroll of remove curse {unknown}
 e - a scroll of fog {unknown}
 i - a scroll of amnesia {unknown}
 m - a scroll of recharging {unknown}
 n - a scroll of teleportation {unknown}
 p - a scroll of magic mapping {unknown}
Potions
 g - a potion of cancellation {unknown}
 h - a potion of agility {unknown}
 q - a potion of degeneration {unknown}
Comestibles
 c - a bread ration
 l - 4 fruits
 r - 2 meat rations


   Skills:
 - Level 2.6 Fighting
 + Level 5.7 Axes
 - Level 3.2 Dodging
 - Level 2.4 Stealth


You had 3 spell levels left.
You didn't know any spells.

Dungeon Overview and Level Annotations

Branches:
Dungeon (2/15)

Altars:


Innate Abilities, Weirdness & Mutations

You are resistant to damage.
You can heal yourself by infusing magical energy.
You passively map a small area around you.
You do not regenerate.


Message History

You finish putting on your +0 helmet.
Things that are here:
a chain mail; a goblin corpse x2
Items here: ))) [ ††
p - a scroll labeled FIFIFO TEBA
q - a black potion
r - a meat ration
r - 2 meat rations (gained 1)
An adder comes into view.
An adder is nearby!
The adder hisses angrily.
Found a mace.
The adder closely misses you.
You slash the adder!
The adder is severely wounded.
The adder bites you but does no damage. The adder barely misses you.
You hit the adder.
You kill the adder!
The worm bites you!
You die...

,, , * * ... * ## ,... ..
...# * * ,,, * .##*...# *
** * *..##..#
################....####
#.......#......@w......#
#.......#.....##.......#*
#..<.............$......
##.....[.#......##.....?.
..÷.............#......).
##.......#.....##....####
.........#...........#
<........(...........#
...............#.....#


You could see a worm.

Vanquished Creatures
  Robin (D:2)
  2 adders (D:2)
  3 dart slugs
  3 leopard geckos
  3 bats (D:1)
  2 giant cockroaches (D:1)
  13 goblins
  6 hobgoblins
  7 jackals (D:1)
  A ball python (D:1)
  2 kobolds (D:1)
  3 rats (D:1)
46 creatures vanquished.

Notes
Turn   | Place    | Note
-------+----------+-------------------------------------------
     0 | D:1      | Irenicus the Deep Dwarf Monk began the quest for the Orb.
     0 | D:1      | Reached XP level 1. HP: 20/20 MP: 1/1
   112 | D:1      | Reached skill level 4 in Axes
   112 | D:1      | Reached XP level 2. HP: 14/27 MP: 2/2
   237 | D:1      | Reached XP level 3. HP: 14/33 MP: 3/3
   413 | D:2      | Noticed Robin
   462 | D:2      | Reached skill level 5 in Axes
   669 | D:2      | Reached XP level 4. HP: 13/40 MP: 4/4
   671 | D:2      | Killed Robin
   727 | D:2      | Slain by a worm

Skill      XL: |  1  2  3 |
---------------+----------+-----
Axes           | 4 5 |  5.7
Fighting       | |  2.6
Dodging        | |  3.2
Stealth        | |  2.4

Action                   |  1- 3 |  4- 6 || total
-------------------------+-------+-------++-------
Melee: Hand axe          |   144 |    10 ||   154
  Use: Potion            |     1 |       ||     1
 Stab: Sleeping          |     2 |       ||     2
Armor: Robe              |    30 |       ||    30
       Leather armour    |     5 |     1 ||     6
Dodge: Dodged            |   120 |     6 ||   126
